 Dungeon Crawl Stone Soup version 0.31-a0-889-g1a8549509d (webtiles) character file.

Game seed: 16852254315066052730

133 Ekaitz the Digger (level 4, -5/31 HPs)
             Began as a Demonspawn Earth Elementalist on Oct 17, 2023.
             Slain by a lemure (8 damage)
             ... led by Pikel
             ... on level 4 of the Dungeon.
             The game lasted 00:06:44 (2707 turns).

Ekaitz the Digger (Demonspawn Earth Elementalist)   Turns: 2707, Time: 00:06:44

Health: -5/31      AC:  5    Str:  8    XL:     4   Next: 93%
Magic:  0/7        EV: 16    Int: 19    God:
Gold:   158        SH:  0    Dex: 13    Spells: 1/7 levels left

rFire   + . .        (no weapon)
rCold   . . .        (no shield)
rNeg    . . .        t - +2 leather armour {rF+}
rPois   .            (no helmet)
rElec   .            (no cloak)
rCorr   .            (no gloves)
SInv    .            (no boots)
Will    .....        (no amulet)
Stlth   ++           (no ring)
HPRegen 0.25/turn    (no ring)
MPRegen 0.10/turn

%: no passive effects
@: agile
A: claws 1, powered by pain 1
a: no special abilities


You were on level 4 of the Dungeon.
You visited 1 branch of the dungeon, and saw 4 of its levels.

You collected 158 gold pieces.

Inventory:

Hand Weapons
 v - a +2 hand axe of freezing
Missiles
 o - 9 poisoned darts
 q - 6 darts of dispersal
 r - 3 atropa-tipped darts
Armour
 t - a +2 leather armour of fire resistance (worn)
 w - the +3 robe of Dullasen {Harm}
   (You found it on level 3 of the Dungeon)

   Harm:      It increases damage dealt and taken.
Magical Staves
 d - a staff of fire
 j - a staff of air
 m - a staff of cold
Scrolls
 a - 2 scrolls of identify {unknown}
 c - 2 scrolls of acquirement {unknown}
 e - a scroll of amnesia {unknown}
 f - a scroll of teleportation {unknown}
 g - a scroll of poison {unknown}
 i - a scroll of fear {unknown}
 l - 4 scrolls of immolation {unknown}
 n - a scroll of enchant armour {unknown}
 p - 2 scrolls of blinking {unknown}
 s - a scroll of fog {unknown}
Potions
 b - a potion of magic
 h - 5 potions of curing {unknown}
 k - a potion of mutation {unknown}
 u - 2 potions of attraction {unknown}


   Skills:
 * Level 0.8 Fighting
 + Level 0.1 Armour
 + Level 1.9 Dodging
 + Level 2.0 Stealth
 + Level 2.4 Spellcasting
 * Level 1.4 Conjurations
 + Level 0.8 Transmutations
 * Level 4.3 Earth Magic


You had one spell level left.
You knew the following spells:

 Your Spells              Type           Power      Damage    Failure   Level
a - Sandblast             Erth           36%        2d10      4%          1
b - Passwall              Tmut/Erth      10%        N/A       12%         2
c - Stone Arrow           Conj/Erth      26%        3d8       22%         3

Your spell library contained the following spells:

 Spells                   Type           Power      Damage    Failure   Level
 Brom's Barrelling Bould  Conj/Erth      13%        2d4       58%         4
 Petrify                  Tmut/Erth      12%        N/A       63%         4


Dungeon Overview and Level Annotations

Branches:
Dungeon (4/15)
 Temple: D:4-7

Altars:
Ashenzari
Cheibriados
Dithmenos


Innate Abilities, Weirdness & Mutations

You have sharp fingernails.
You sometimes gain a little power by taking damage.


Message History

The lemure barely misses you.
You scratch the lemure but do no damage.
The lemure is severely wounded.
The lemure misses you.
You scratch the lemure.
The lemure is severely wounded.
The lemure barely misses you.
You miss the lemure.
The lemure is severely wounded.
The lemure barely misses you.
You barely miss the lemure.
The lemure is severely wounded.
The lemure barely misses you.
Casting: Sandblast (safe; 4% risk of failure)
Confirm with . or Enter, or press ? or * to list all spells.
Aiming: Sandblast (safe; 4% risk of failure)
Press: ? - help, Shift-Dir - straight line, f/p - lemure
Aim: a lemure (severely wounded, 77% to hit)
The blast of sand hits the lemure.
The lemure is severely wounded.
The lemure hits you.
Unknown command.
You scratch the lemure but do no damage.
The lemure is severely wounded.
The lemure closely misses you.
You scratch the lemure but do no damage.
The lemure is severely wounded.
The lemure hits you!
* * * LOW HITPOINT WARNING * * *
You focus on the pain.
You feel more agile all of a sudden.
You aren't carrying any items that you can evoke.
Unknown command.
You scratch the lemure but do no damage.
The lemure is severely wounded.
The lemure completely misses you.
You scratch the lemure but do no damage.
The lemure is severely wounded.
The lemure hits you!
You die...

#.......#>............
#.....................
#.....................
#.....................
#.....................
#.....######..........
#.....# #..†.......
####..#.#######..........
#.....#)@5...............
#.....###########.#####..
#...............#........
#......##.#####.#########
............<.....#
###....#.##..######
#....#.#......
#.........####.#
#..........


You could see a lemure.

Vanquished Creatures
  A lemure (D:4)
  An orc wizard (D:3)
  2 adders
  4 worms
  8 orcs (D:3)
  8 ball pythons
  8 endoplasms
  2 giant cockroaches
  6 hobgoblins
  7 jackals
  A quokka (D:4)
  5 bats
  5 goblins
  2 kobolds
  6 rats
66 creatures vanquished.

Notes
Turn   | Place    | Note
-------+----------+-------------------------------------------
     0 | D:1      | Ekaitz the Demonspawn Earth Elementalist began the quest
                  | for the Orb.
     0 | D:1      | Reached XP level 1. HP: 13/13 MP: 3/3
   163 | D:1      | Reached skill level 3 in Earth Magic
   247 | D:1      | Gained mutation: You sometimes gain a little power by
                  | taking damage. [demonic ancestry]
   247 | D:1      | Reached XP level 2. HP: 19/19 MP: 1/5
   250 | D:1      | Learned a level 2 spell: Passwall
   375 | D:1      | Found a faded altar of an unknown god.
   969 | D:2      | Gained mutation: You have sharp fingernails. [demonic
                  | ancestry]
   969 | D:2      | Reached XP level 3. HP: 24/24 MP: 3/6
   973 | D:2      | Learned a level 3 spell: Stone Arrow
  1793 | D:3      | Reached skill level 1 in Conjurations
  1827 | D:3      | Reached XP level 4. HP: 31/31 MP: 4/7
  1949 | D:3      | Found a shadowy altar of Dithmenos.
  1949 | D:3      | Found a broken altar of Ashenzari.
  1950 | D:3      | Found a snail-covered altar of Cheibriados.
  2014 | D:3      | Reached skill level 4 in Earth Magic
  2055 | D:3      | Identified the +3 robe of Dullasen {Harm}
  2654 | D:4      | Noticed a lemure
  2654 | D:4      | Noticed a lemure
  2684 | D:4      | Killed a lemure
  2707 | D:4      | Slain by a lemure

Illustrated notes

Levels and vault maps discovered:
D:1:      matt_arrival_grand_opening, layout_basic,
          shapermc_ecumenical_altar_flowoftime
D:2:      layout_loops_cross
D:3:      layout_basic, gammafunk_temple_overflow_forgotten,
          kennysheep_cross_bottleneck, grunt_ministairs_11
D:4:      minmay_opposing_rooms, layout_basic,
          mainiacjoe_overflow_surrounded_room, minmay_manual_mess,
          uniq_eustachio, uniq_pikel

Skill      XL: |  1  2  3  4 |
---------------+-------------+-----
Earth Magic    | 3 4 |  4.3
Stealth        | 2 |  2.0
Conjurations   | 1 |  1.4
Fighting       | |  0.8
Armour         | |  0.1
Dodging        | |  1.9
Spellcasting   | |  2.4
Transmutations | |  0.8

Action                     |  1- 3 |  4- 6 || total
---------------------------+-------+-------++-------
  Melee: Unarmed           |       |    43 ||    43
         Punch             |       |     1 ||     1
   Cast: Sandblast         |    56 |    40 ||    96
 Armour: Robe              |    12 |       ||    12
         Leather armour    |       |    29 ||    29
  Dodge: Dodged            |    13 |    28 ||    41

Table legend: (Time is in decaauts)
 A = Elapsed time spent in this place.
 B = Non-inter-level travel time spent in this place.
 C = Inter-level travel time spent in this place.
 D = Time resting spent in this place.
 E = Time spent auto-exploring this place.
 F = Levels seen in this place.
 G = Mean time per level.
                   A        B        C        D        E       F      G
               +--------+--------+--------+--------+--------+-----+--------+
         Total |   2754 |   2685 |     69 |     12 |   2134 |   4 |  688.5 |
       Dungeon |   2754 |   2685 |     69 |     12 |   2134 |   4 |  688.5 |
               +--------+--------+--------+--------+--------+-----+--------+

Top non-repeatable levels by time:
     D:2: 915 daAuts
     D:1: 898 daAuts
     D:3: 814 daAuts
     D:4: 126 daAuts
